 Dungeon Crawl Stone Soup version 0.31.0-11-ge490571c62 (webtiles) character file.

Game seed: 6757032400253812384

53 qw the Shooter (level 3, 0/18 HPs)
             Began as a Spriggan Hunter on Feb 4, 2024.
             Slain by a bombardier beetle (3 damage)
             ... on level 3 of the Dungeon.
             The game lasted 00:00:04 (1404 turns).

qw the Shooter (Spriggan Hunter)                    Turns: 1404, Time: 00:00:04

Health: 0/18       AC:  2    Str:  6    XL:     3   Next: 62%
Magic:  4/4        EV: 20    Int:  9    God:
Gold:   121        SH:  0    Dex: 24    Spells: 2/2 levels left

rFire   . . .        a - +2 shortbow
rCold   . . .        (shield currently unavailable)
rNeg    . . .        c - +0 robe
rPois   .            (helmet restricted)
rElec   .            (no cloak)
rCorr   .            (gloves unavailable)
SInv    +            (boots unavailable)
Will    .....        i - amulet of the acrobat
Stlth   ++           (no ring)
HPRegen 0.23/turn    (no ring)
MPRegen 0.09/turn

%: acrobat
@: hasted, very quick
A: very small, no large weapons, unfitting armour, see invisible, speed 3, agile
1, screaming 1
a: no special abilities


You were on level 3 of the Dungeon.
You visited 1 branch of the dungeon, and saw 3 of its levels.

You collected 121 gold pieces.


Innate Abilities, Weirdness & Mutations

You are very small and have problems with some larger weapons.
You are too small for most types of armour.
You have supernaturally acute eyesight. (SInv)
You cover ground extremely quickly. (Speed+++)
You are agile. (Dex +4, Str/Int -1)
You occasionally shout uncontrollably at your foes.


   Skills:
 - Level 1.5 Fighting
 - Level 4.8 Ranged Weapons
 + Level 4.1 Dodging
 - Level 1.5 Stealth


You had 2 spell levels left.
You didn't know any spells.
Your spell library was empty.

Inventory:

Hand Weapons
 a - a +2 shortbow (weapon)
Armour
 c - a +0 robe (worn)
Jewellery
 i - an amulet of the acrobat (around neck)
Potions
 b - a potion of mutation
 d - a potion of enlightenment
 g - a potion of berserk rage {unknown}
 h - a potion of resistance {unknown}

Dungeon Overview and Level Annotations

Branches:
Dungeon (3/15)

Altars:

Annotations:
D:3 Grinder


Message History

You can move again.
You shoot an arrow. The arrow hits the adder skeleton.
The adder skeleton is lightly damaged.
The adder skeleton bites you.
You shoot an arrow. The arrow hits the adder skeleton!
The adder skeleton is almost destroyed.
The adder skeleton closely misses you.
You shoot an arrow. The arrow hits the adder skeleton.
You destroy the adder skeleton!
You shoot an arrow. The arrow hits Grinder.
Grinder is lightly wounded.
You shoot an arrow. The arrow closely misses Grinder.
The arrow hits the bombardier beetle but does no damage.
Grinder gestures at you. Pain shoots through your body!
Ouch! That really hurt!
You shoot an arrow.
The arrow hits Grinder but does no damage.
Grinder is lightly wounded.
You shoot an arrow. The arrow hits Grinder.
Grinder is lightly wounded.
Grinder blinks!
You shoot an arrow.
The arrow barely misses the bombardier beetle.
Grinder gestures at you. You resist with significant effort.
You shoot an arrow.
The arrow barely misses the bombardier beetle.
You shoot an arrow.
The arrow closely misses the bombardier beetle.
Grinder zaps a wand.
The puff of flame misses you.
You shoot an arrow. The arrow hits the bombardier beetle.
The bombardier beetle is lightly wounded.
You shoot an arrow.
The arrow barely misses the bombardier beetle.
Grinder zaps a wand.
The puff of flame misses you.
You shoot an arrow.
The arrow barely misses the bombardier beetle.
The bombardier beetle bites you.
You die...

#########
#<.......
#@#######
#B......#
#........
#...$....
#$...5...
#.......#
#..####.#
.... ..


You could see Grinder and a bombardier beetle.

Vanquished Creatures
  An adder (D:2)
  An adder skeleton (D:3)
  A bat (D:2)
  4 endoplasms
  4 giant cockroaches
  5 goblins
  3 hobgoblins
  2 jackals (D:2)
  2 quokkas (D:1)
  4 ball pythons
  A frilled lizard (D:1)
  3 kobolds
  3 rats
34 creatures vanquished.

Notes
Turn   | Place    | Note
-------+----------+-------------------------------------------
     0 | D:1      | qw the Spriggan Hunter began the quest for the Orb.
     0 | D:1      | Reached XP level 1. HP: 10/10 MP: 2/2
     0 | D:1      | 0 ||| qw: Version: 0.3-a-160-g6735b56
     0 | D:1      | 0 ||| qw: Game counter: 4446
     0 | D:1      | 0 ||| qw: Melee chars always use a shield: true
     0 | D:1      | 0 ||| qw: God list: Okawaru
     0 | D:1      | 0 ||| qw: Allow faded altars: false
     0 | D:1      | 0 ||| qw: Do Orc after clearing Dungeon:15 true
     0 | D:1      | 0 ||| qw: Do second Lair branch before Depths: true
     0 | D:1      | 0 ||| qw: Lair rune preference: random
     0 | D:1      | 0 ||| qw: Goals: Normal
     0 | D:1      | 0 ||| PLANNING D:1-11
    21 | D:1      | Reached skill level 3 in Dodging
   122 | D:1      | Reached XP level 2. HP: 12/14 MP: 3/3
   273 | D:1      | Found a faded altar of an unknown god.
   561 | D:1      | 561 ||| READING 3 scrolls labelled ANECKEYVIE.
   562 | D:1      | 562 ||| READING 2 scrolls labelled DUQOBA KICOARI.
   562 | D:1      | 562 ||| IDENTIFYING white potion
   563 | D:1      | 563 ||| READING scroll of identify.
   563 | D:1      | 563 ||| IDENTIFYING 2 pink potions
   564 | D:1      | 564 ||| READING scroll labelled LUSHYC NUCUN.
   565 | D:1      | 565 ||| READING scroll labelled XIAR SOEFAUWO.
   566 | D:1      | 566 ||| DROPPING scroll of butterflies.
   567 | D:1      | 567 ||| DROPPING 2 scrolls of immolation.
   568 | D:1      | 568 ||| DROPPING 2 potions of attraction.
   619 | D:2      | Reached XP level 3. HP: 18/18 MP: 4/4
  1347 | D:2      | 1347 ||| UPGRADING to amulet of the acrobat.
  1352 | D:2      | 1352 ||| READING scroll of identify.
  1352 | D:2      | 1352 ||| IDENTIFYING bubbling purple potion
  1353 | D:2      | 1353 ||| READING 2 scrolls labelled OHI DOPELOA.
  1353 | D:2      | 1353 ||| ENCHANTING +0 shortbow.
  1354 | D:2      | 1354 ||| READING scroll of enchant weapon.
  1354 | D:2      | 1354 ||| ENCHANTING +1 shortbow.
  1355 | D:2      | 1355 ||| DRINKING 2 purple potions.
  1355 | D:2      | Gained mutation: You occasionally shout uncontrollably at
                  | your foes. [potion of mutation]
  1355 | D:2      | Gained mutation: You are agile. (Dex +4, Str/Int -1)
                  | [potion of mutation]
  1387 | D:3      | Noticed Grinder
  1388 | D:3      | 1388 ||| DRINKING potion of haste.
  1388 | D:3      | Paralysed by Grinder for 4 turns
  1396 | D:3      | HP: 2/18 [Grinder/nerve-wracking pain (11)]
  1404 | D:3      | Slain by a bombardier beetle

Levels and vault maps discovered:
D:1:      mushboom_english_gardens, layout_loops_ring,
          ebering_ecumenical_altar_webs
D:2:      layout_basic, guppyfry_early_lair_pool
D:3:      layout_loops_ring, serial_undead, serial_undead_d, serial_undead_a,
          serial_undead_b, serial_undead_b, nicolae_figureground_sparkle,
          uniq_grinder

Skill      XL: |  1  2 |
---------------+-------+-----
Dodging        | 3 4 |  4.1
Fighting       | |  1.5
Ranged Weapons | |  4.8
Stealth        | |  1.5

Action                     || total
---------------------------++-------
   Fire: Shortbow          ||    92
    Use: Scroll            ||     8
         Potion            ||     2
 Armour: Robe              ||     8
  Dodge: Dodged            ||    28

Table legend:
 A = Non-vault XP
 B = Vault XP
 C = Vault XP percentage of total XP
 D = Non-vault monster count
 E = Vault monster count
 F = Vault count percentage of total count
                 A         B        C        D         E       F
            +---------+---------+-------+---------+---------+-------
      Total |      71 |       5 |   6.6 |      33 |       1 |   2.9
            +---------+---------+-------+---------+---------+-------
        D:1 |      35 |       0 |   0.0 |      20 |       0 |   0.0
        D:2 |      36 |       0 |   0.0 |      13 |       0 |   0.0
        D:3 |       0 |       5 | 100.0 |       0 |       1 | 100.0
            +---------+---------+-------+---------+---------+-------
